cohdb
Replays
Latest Replays
All Replays
Popular Replays
Top Player Replays
Match Explorer
How It Works
Community
CoH3 Stats
Reddit
Sign in to upload your games and track your stats! →
Sign in with Steam
Match 45933544
Unlisted
Match 45933544
Overview
Messages
Build Orders
End
Construct Barracks
Selects Heavy Weapons
Riflemen Squad
Riflemen Squad
Riflemen Squad
Grenade Package
Construct Weapon Support Center
M1919 Machine Gun Team
Construct Medical Station
Selects M2HB .50cal Heavy Machine Gun
Selects Assault Carriers
Bazooka Squad
Air Support Center
Double Sortie
P-47 Dive Bomb
Riflemen Squad
Advanced Air Reconnaissance
Air Supply
Bazooka Squad
Grasshopper High-Altitude Recon Run
P-47 Dive Bomb
M1918 Browning Automatic Rifles
Improved Aircraft Armor
Grasshopper High-Altitude Recon Run
Selects Gallant Stand
Selects Black Dragon Artillery Barrage
P-47 Strafing Run
Grasshopper High-Altitude Recon Run
Construct Tank Depot
Black Dragon Artillery Barrage
P-47 Dive Bomb
P-47 Strafing Run
Bazooka Squad
Selects Exchangeable Parts
M4A1 Sherman Medium Tank
Grasshopper High-Altitude Recon Run
P-47 Strafing Run
Don Pitudo
Peter
f现实失败只能游戏开挂寻找优越感了
JAGER
Potatis
eupeup
0
0
Comments
sign in to comment!
No comments posted yet!